Match 45980135
Unlisted

Match 45980135
End
Panzergrenadier Squad
250 Light Carrier
Selects Panzerjäger Kommand Battlegroup
Panzergrenadier Squad
Panzergrenadier Squad
Construct Light Support Kompanie
Construct Mechanized Kompanie
Construct Mechanized Kompanie
8 Rad Armored Car
Panzerjäger Mechanized Group
Vehicle Survival Package
2.5-tonne Medical Truck
Selects Mine Fields
Selects Tank Busters
Selects Defensive Positions
Marder III Tank Destroyer
254 Reconnaissance Tractor
Construct Panzerarmee Kommand
Dark Lord Cthulhu
Durth Sheetius
Corgzila
MrZiehr
YanKee
Beard
Derlis
thicol14
0
0

Comments sign in to comment!

No comments posted yet!